 Dungeon Crawl Stone Soup version 0.31-a0-83-gbff143cfd1 (webtiles) character file.

Game seed: 11057316958673859399

3535 Hnau the Cruncher (level 9, -16/76 (81) HPs)
             Began as a Minotaur Berserker on May 25, 2023.
             Was a Believer of Wu Jian.
             Demolished by a two-headed ogre
             ... wielding a +0 giant spiked club
              (29 damage)
             ... on level 8 of the Dungeon.
             The game lasted 01:30:59 (7450 turns).

Hnau the Cruncher (Minotaur Berserker)              Turns: 7450, Time: 01:31:00

HP:   -16/76 (81)   AC: 21    Str: 24    XL:     9   Next: 82%
MP:   8/8           EV: 12    Int:  8    God:    Wu Jian [**....]
Gold: 295           SH:  0    Dex: 10    Spells: 8/8 levels left

rFire   + . .        y - +5 quarterstaff (chaos)
rCold   + . .        (shield currently unavailable)
rNeg    + + +        D - +5 ring mail "Vargh" {*Slow rC+ rN++ Stlth+}
rPois   .            R - +2 hat
rElec   .            g - scarf {+Inv}
rCorr   .            E - +2 pair of gloves
SInv    .            (no boots)
Will    .....        z - amulet of faith
Stlth   +++          P - +4 ring of protection
HPRegen 0.32/turn    l - ring of Xetec {Contam rF+ rN+ Int+2 Stlth+}
MPRegen 0.11/turn

%: slow self (1%), faith
@: studying Axes, drained
A: horns 2, retaliatory headbutt
a: Renounce Religion, Evoke Invisibility, Wall Jump


You were on level 8 of the Dungeon.
You worshipped Wu Jian.
Wu Jian was pleased with you.
You visited 2 branches of the dungeon, and saw 9 of its levels.
You also visited: Ossuary.

You collected 530 gold pieces.
You spent 235 gold pieces at shops.

Inventory:

Hand Weapons
 a - a +0 spear
 c - a +1 dagger of venom
 d - a +0 sling
 h - a +0 spear
 i - a +0 dagger
 j - a +0 halberd of venom
 m - a +0 dagger
 n - a +0 dagger
 q - a +0 dagger
 r - a +0 whip
 t - a +1 short sword of venom
 v - a +1 short sword of venom
 y - a +5 quarterstaff of chaos (weapon)
 O - a +2 heavy scimitar
Missiles
 e - 36 stones (quivered)
 o - 12 poisoned darts
 u - 2 javelins
 M - 3 throwing nets
Armour
 b - a +0 animal skin
 g - a scarf of invisibility (worn)
 k - a +1 chain mail
 B - an orb of light
 D - the +5 ring mail "Vargh" (worn) {*Slow rC+ rN++ Stlth+}
   (You found it on level 5 of the Dungeon)

   rC:        It protects you from cold.
   rN:        It greatly protects you from negative energy.
   *Slow:     It may slow you when you take damage.
   Stlth:     It makes you more stealthy.
 E - a +2 pair of gloves (worn)
 G - the +2 robe of Goclui {rF- Will+ Dex+2 Slay+5}
   (You found it on level 5 of the Dungeon)

   Dex:       It affects your dexterity (+2).
   Slay:      It affects your accuracy & damage with ranged weapons and melee
   (+5).
   rF:        It makes you vulnerable to fire.
   Will:      It increases your willpower.
 Q - an orb of energy
 R - a +2 hat (worn)
Jewellery
 f - a ring of magical power
 l - the ring of Xetec (right hand) {Contam rF+ rN+ Int+2 Stlth+}
   (You found it on level 8 of the Dungeon)

   [ring of protection from fire]

   Int:       It affects your intelligence (+2).
   rF:        It protects you from fire.
   rN:        It protects you from negative energy.
   Contam:    It causes magical contamination when unequipped.
   Stlth:     It makes you more stealthy.
 p - an amulet of the acrobat
 s - a ring of resist corrosion
 w - a ring of ice
 z - an amulet of faith (around neck)
 L - a ring of positive energy
 P - a +4 ring of protection (left hand)
Wands
 A - a wand of charming (36)
 C - a wand of digging (7)
Scrolls
 x - 5 scrolls of noise
 F - a scroll of vulnerability
 H - 2 scrolls of identify
 I - a scroll of fog
 J - 2 scrolls of immolation
Potions
 K - 2 potions of curing
 N - a potion of mutation


   Skills:
 + Level 8.1 Fighting
 + Level 8.0(10.0) Polearms
 + Level 9.4(10.7) Staves
 + Level 0.4 Throwing
 + Level 7.7 Armour
 + Level 5.2 Dodging
 + Level 1.9 Stealth


You had 8 spell levels left.
You didn't know any spells.
Your spell library contained the following spells:

 Spells                   Type           Power      Damage    Failure   Level
 Apportation              Tloc           0%         N/A       54%         1
 Necrotise                Necr           0%         1d4       54%         1
 Summon Small Mammal      Summ           0%         N/A       54%         1
 Blink                    Tloc           0%         N/A       67%         2
 Sublimation of Blood     Necr           0%         N/A       67%         2
 Wereblood                Tmut           0%         N/A       67%         2
 Manifold Assault         Tloc           0%         N/A       99%         4
 Iskenderun's Battlesphe  Conj           0%         2d6       100%        5
 Iron Shot                Conj/Erth      0%         9d1       100%        6
 Spellforged Servitor     Conj/Summ      0%         N/A       100%        7
 Storm Form               Tmut/Air       0%         N/A       100%        7
 Summon Hydra             Summ           0%         N/A       100%        7
 Borgnjor's Revivificati  Necr           0%         N/A       100%        8
 Necromutation            Tmut/Necr      0%         N/A       100%        8
 Death's Door             Necr           0%         N/A       100%        9


Dungeon Overview and Level Annotations

Branches:
Dungeon (8/15)             Temple (1/1) D:7         Ossuary (visited)
   Lair: D:8-11

Altars:
Ashenzari
Dithmenos
Elyvilon
Fedhas
Gozag
Hepliaklqana
Kikubaaqudgha
Makhleb
Nemelex Xobeh
Okawaru
Qazlal
Ru
Sif Muna
Trog
Uskayaw
Wu Jian
Xom
Yredelemnul
Zin
The Shining One

Shops:
D:2 [   D:6 ?   D:8 [


Innate Abilities, Weirdness & Mutations

You have a pair of horns on your head.
You reflexively headbutt those who attack you in melee.


Message History

The two-headed ogre closely misses you.
You hear a loud, deep croak!
Okay, then.
Hit: y) +5 quarterstaff (chaos)
Press: ? - help, Dir - move target, f - bullfrog
Aim: a bullfrog (about 34% to evade your +5 quarterstaff of chaos)
Okay, then.
You feel drained.
You fail to use your ability.
The bullfrog hits you but does no damage.
The bullfrog hits you but does no damage.
The bullfrog attacks as you move away!
The bullfrog hits you but does no damage.
You lunge at the bullfrog.
You bludgeon the bullfrog!!
You kill the bullfrog!
The Council accepts your kill.
You see here a bullfrog corpse.
The bullfrog barely misses you. You furiously retaliate!
You headbutt the bullfrog.
A kobold, an orc and an orc priest come into view.
The orc shouts!
The orc priest shouts!
The orc priest miscasts a cantrip.
A kobold comes into view. It is wielding a +0 dagger. x2
You hear a shout!
A kobold brigand comes into view.
It is wielding a +0 spear and quivering poisoned darts.
You spin and attack the bullfrog repeatedly.
You barely miss the bullfrog.
The bullfrog is moderately wounded.
The kobold brigand shouts!
The kobold shouts!
You hit the bullfrog.
The bullfrog seems to slow down.
You freeze the bullfrog.
The bullfrog is heavily wounded.
The kobold throws a stone.
The stone hits you but does no damage. The bullfrog closely misses you.
The kobold brigand moves out of view.
The bullfrog attacks as you move away!
The bullfrog hits you but does no damage.
You spin and attack the two-headed ogre.
You sock the two-headed ogre!
You feel better.
The two-headed ogre is almost dead.
The bullfrog is no longer moving slowly.
The two-headed ogre hits you with a +0 giant spiked club!!
You die...

...#.........#
...+............ .......
#+##......##.##.##......o.K
#.#....##.# ##.......K....
#.#...###+##.##.....K..o...
#..........#.##............
............<##...........
.#..........###........K.
.#..............@....######
.##'###..........OF.......#
.#........................#
.#........................#
.#.........#.....#........#
...........#.....#...†....#
...........#.....#.#...#.##
...........#.....#..#.#..#
.....##....#.........∩......


You could see a two-headed ogre (strong), a kobold brigand, a bullfrog, an orc
and 2 kobolds.

Vanquished Creatures
  The ghost of voltaire321 the Ducker, a novice MfVM of Wu Jian (D:8)
  A salamander (shapeshifter) (D:7)
  2 polar bears (D:7)
  Prince Ribbit (D:8)
  An ice beast (D:7)
  2 black bears
  4 ogres
  3 sky beasts
  3 centaurs
  A kobold brigand (D:8)
  A bullfrog (D:8)
  3 gnoll sergeants (D:8)
  2 scorpions
  3 howler monkeys
  2 gnoll boudas
  5 hounds
  2 jellies
  Crazy Yiuf (D:4)
  An orc priest (D:5)
  An iguana (D:6)
  3 orc wizards (D:4)
  A sleepcap (D:6)
  2 mummies (Ossuary)
  Robin (D:3)
  28 gnolls
  8 adders
  2 shadow imps
  A white imp (D:8)
  An ufetubus (D:5)
  3 worms
  A dart slug (D:3)
  13 orcs
  10 endoplasms
  4 giant cockroaches
  A gnoll zombie (Ossuary)
  7 hobgoblins
  4 jackals
  3 quokkas
  4 ball pythons
  8 bats
  3 frilled lizards
  15 goblins
  2 hobgoblin zombies (Ossuary)
  14 kobolds
  A kobold zombie (Ossuary)
  3 orc zombies (Ossuary)
  6 rats
189 creatures vanquished.

Vanquished Creatures (others)
  An orc zombie (D:6)
1 creature vanquished.

Grand Total: 190 creatures vanquished

Notes
Turn   | Place    | Note
-------+----------+-------------------------------------------
     0 | D:1      | Hnau the Minotaur Berserker began the quest for the Orb.
     0 | D:1      | Reached XP level 1. HP: 19/19 MP: 0/0
   284 | D:1      | Reached XP level 2. HP: 24/27 MP: 1/1
   624 | D:2      | Reached XP level 3. HP: 32/33 MP: 2/2
   836 | D:2      | Found Ishror's Antique Armour Shoppe.
   844 | D:2      | Reached ** piety under Trog
  1078 | D:2      | Reached XP level 4. HP: 41/41 MP: 3/3
  1337 | D:3      | Reached skill level 5 in Polearms
  1360 | D:3      | Noticed Robin
  1368 | D:3      | Killed Robin
  1545 | D:3      | Reached XP level 5. HP: 47/47 MP: 4/4
  1591 | D:3      | Reached *** piety under Trog
  2133 | D:4      | Reached skill level 5 in Fighting
  2511 | D:4      | Noticed an ogre
  2513 | D:4      | Killed an ogre
  2514 | D:4      | Reached XP level 6. HP: 56/56 MP: 5/5
  3126 | D:4      | Found a runed translucent door.
  3127 | D:4      | Noticed Crazy Yiuf
  3142 | D:4      | Killed Crazy Yiuf
  3345 | D:5      | Entered Level 5 of the Dungeon
  3472 | D:5      | Reached XP level 7. HP: 61/61 MP: 6/6
  3682 | D:5      | Identified the +5 ring mail "Vargh" {*Slow rC+ rN++ Stlth+}
  3762 | D:5      | Reached skill level 1 in Stealth
  3823 | D:5      | Identified the +2 robe of Goclui {rF- Will+ Dex+2 Slay+5}
  4098 | D:5      | Reached skill level 1 in Staves
  4170 | D:6      | Reached skill level 5 in Armour
  4170 | D:6      | Found Pediyng's Magic Scroll Shop.
  4179 | D:6      | Bought a scroll of identify for 20 gold pieces
  4179 | D:6      | Bought a scroll of fog for 40 gold pieces
  4179 | D:6      | Bought a scroll of identify for 20 gold pieces
  4179 | D:6      | Bought a scroll of identify for 20 gold pieces
  4179 | D:6      | Bought a scroll of identify for 20 gold pieces
  4179 | D:6      | Bought a scroll of immolation for 40 gold pieces
  4179 | D:6      | Bought a scroll of enchant armour for 75 gold pieces
  4413 | D:6      | Reached skill level 2 in Staves
  4541 | D:6      | Found a sparkling altar of Nemelex Xobeh.
  4612 | D:6      | Reached XP level 8. HP: 60/70 MP: 7/7
  4746 | D:6      | Reached **** piety under Trog
  4747 | D:6      | Reached skill level 3 in Staves
  4817 | D:6      | Reached skill level 4 in Staves
  4871 | D:6      | Reached skill level 5 in Staves
  5339 | D:7      | Found a staircase to the Ecumenical Temple.
  5375 | Temple   | Entered the Ecumenical Temple
  5407 | Temple   | Identified a scroll of acquirement
  5408 | Temple   | Acquired an amulet of faith
  5447 | Temple   | Fell from the grace of Trog
  5447 | Temple   | Became a worshipper of the Wu Jian Council
  5520 | D:7      | a gnoll bouda changed into a shapeshifter
  5520 | D:7      | Noticed a shapeshifter (shapeshifter)
  5520 | D:7      | a shapeshifter changed into a salamander
  5520 | D:7      | Noticed a salamander (shapeshifter)
  5527 | D:7      | Killed a salamander
  5528 | D:7      | Reached skill level 6 in Staves
  5587 | D:7      | Reached XP level 9. HP: 59/79 MP: 8/8
  5729 | D:7      | Reached skill level 7 in Staves
  6035 | D:7      | Noticed a polar bear
  6035 | D:7      | Noticed a polar bear
  6329 | D:7      | Killed a polar bear
  6426 | D:7      | Killed a polar bear
  6719 | D:8      | Found a transporter.
  6725 | D:8      | Noticed voltaire321's ghost (novice MfVM)
  6732 | D:8      | Noticed Prince Ribbit
  6745 | D:8      | Killed Prince Ribbit
  6745 | D:8      | Reached * piety under Wu Jian
  6770 | D:8      | Found a transporter.
  6793 | D:8      | Reached skill level 8 in Staves
  6830 | D:8      | Killed voltaire321's ghost
  6831 | D:8      | Reached skill level 5 in Dodging
  6840 | D:8      | Reached skill level 9 in Staves
  7002 | D:8      | Identified the ring of Xetec {Contam rF+ rN+ Int+2 Stlth+}
  7155 | D:8      | Found a sand-covered staircase.
  7167 | Ossuary  | Entered an ossuary
  7182 | Ossuary  | Noticed a two-headed ogre
  7182 | Ossuary  | Noticed a polar bear
  7182 | Ossuary  | Noticed a polar bear
  7182 | Ossuary  | Noticed a polar bear
  7182 | Ossuary  | Noticed a polar bear
  7185 | Ossuary  | a polar bear changed into a glowing shapeshifter
  7185 | Ossuary  | Noticed a glowing shapeshifter (glowing shapeshifter)
  7185 | Ossuary  | a glowing shapeshifter changed into a merfolk
  7185 | Ossuary  | Noticed a merfolk (glowing shapeshifter)
  7187 | Ossuary  | a merfolk changed into a redback
  7190 | Ossuary  | a redback changed into a deep troll
  7190 | Ossuary  | Noticed a deep troll (glowing shapeshifter)
  7384 | D:8      | Reached ** piety under Wu Jian
  7428 | D:8      | Noticed a two-headed ogre
  7429 | D:8      | Found Efigreutt's Armour Emporium.
  7438 | D:8      | HP: 2/81 [two-headed ogre/+0 giant spiked club (37)]
  7450 | D:8      | Demolished by a two-headed ogre

Illustrated notes

Levels and vault maps discovered:
D:1:      tarquinn_simple_flora_water_f, layout_loops_ring,
          hangedman_decor_diamond_cutter
D:2:      layout_loops_cross, serial_shops, shop
D:3:      layout_basic, uniq_robin
D:4:      layout_basic, hangedman_decor_growths,
          corexii_item_surrounded_by_moat, uniq_crazy_yiuf_cottage
D:5:      layout_loops_ring
D:6:      layout_cave_pods, lemuel_crystal_altar, serial_shops,
          nicolae_shop_crystal, kennysheep_potato
D:7:      layout_loops_ring, minmay_temple_entry_junction
D:8:      layout_basic, serial_shops, nicolae_shop_advertising_works
          [nicolae_subvault_shop_adworks], chequers_ossuary_entry_cave,
          gammafunk_ghost_gnarly_gnolls, uniq_prince_ribbit1
Temple:   hellmonk_temple_of_storms

Skill      XL: |  1  2  3  4  5  6  7  8  9 |
---------------+----------------------------+-----
Polearms       | 4 5 6 7 8 |  8.0
Fighting       | 4 5 6 7 8 |  8.1
Armour         | 3 4 5 6 7 |  7.7
Dodging        | 3 4 5 |  5.2
Stealth        | 1 |  1.9
Staves         | 2 6 9 |  9.4
Throwing       | |  0.4

Action                     |  1- 3 |  4- 6 |  7- 9 || total
---------------------------+-------+-------+-------++-------
  Melee: Spear             |   107 |   153 |       ||   260
         Headbutt          |    17 |    18 |    43 ||    78
         Punch             |     1 |       |       ||     1
         Quarterstaff      |       |     7 |   248 ||   255
   Fire: Sling             |     1 |       |       ||     1
  Throw: Stone             |     9 |     3 |     4 ||    16
 Invoke: Berserk           |     2 |     4 |       ||     6
Ability: Lunge             |       |       |    16 ||    16
         Whirlwind         |       |       |    17 ||    17
         Wall Jump         |       |       |     1 ||     1
    Use: Scroll            |     2 |     2 |    15 ||    19
         Potion            |     1 |     1 |     5 ||     7
   Stab: Sleeping          |     1 |       |     1 ||     2
 Armour: Animal skin       |     5 |       |       ||     5
         Chain mail        |    14 |    55 |       ||    69
         Ring mail         |       |       |   113 ||   113
  Dodge: Dodged            |    34 |    41 |   193 ||   268

Table legend: (Time is in decaauts)
 A = Elapsed time spent in this place.
 B = Non-inter-level travel time spent in this place.
 C = Inter-level travel time spent in this place.
 D = Time resting spent in this place.
 E = Time spent auto-exploring this place.
 F = Levels seen in this place.
 G = Mean time per level.
                   A        B        C        D        E       F      G
               +--------+--------+--------+--------+--------+-----+--------+
         Total |   7447 |   5366 |   2081 |    838 |   3253 |  10 |  744.7 |
       Dungeon |   7332 |   5327 |   2005 |    838 |   3253 |   8 |  916.5 |
        Temple |     91 |     15 |     76 |      0 |      0 |   1 |   91.0 |
       Ossuary |     23 |     23 |      0 |      0 |      0 |   1 |   23.0 |
               +--------+--------+--------+--------+--------+-----+--------+

Top non-repeatable levels by time:
     D:4: 1453 daAuts
     D:7: 1367 daAuts
     D:6: 1031 daAuts
     D:5: 823 daAuts
     D:8: 748 daAuts
     D:2: 702 daAuts
     D:1: 613 daAuts
     D:3: 591 daAuts
  Temple: 91 daAuts
 Ossuary: 23 daAuts
